 Dungeon Crawl Stone Soup version 0.31-a0-640-g39d97e502b (webtiles) character file.

Game seed: 16832134773965450452

100 qw the Shooter (level 4, -1/28 HPs)
             Began as a Gargoyle Hunter on Aug 27, 2023.
             Slain by Sigmund
             ... wielding a +0 scythe
              (10 damage)
             ... on level 2 of the Dungeon.
             The game lasted 00:00:35 (1273 turns).

qw the Shooter (Gargoyle Hunter)                    Turns: 1273, Time: 00:00:36

Health: -1/28      AC:  9    Str: 14    XL:     4   Next: 73%
Magic:  4/4        EV: 10    Int: 10    God:
Gold:   59         SH:  0    Dex: 15    Spells: 3/3 levels left

rFire   . . .        Y - +0 shortbow
rCold   . . .        (shield currently unavailable)
rNeg    + . .        f - +0 ring mail
rPois   inf          (no helmet)
rElec   +            (no cloak)
rCorr   .            h - +0 pair of gloves
SInv    .            (no boots)
Will    .....        (no amulet)
Stlth   +            (no ring)
HPRegen 0.24/turn    (no ring)
MPRegen 0.09/turn

%: no passive effects
@: no status effects
A: sickness immunity, AC +3, negative energy resistance 1, electricity
resistance, torment resistance 1, petrification resistance
a: no special abilities


You were on level 2 of the Dungeon.
You visited 1 branch of the dungeon, and saw 2 of its levels.

You collected 59 gold pieces.


Innate Abilities, Weirdness & Mutations

You are immune to sickness and miasma.
Your stone body is resilient. (AC +3)
You are immune to poison.
You resist negative energy. (rN+)
You are resistant to electric shocks. (rElec)
You are resistant to unholy torment.
You are immune to petrification.


   Skills:
 - Level 3.1 Fighting
 + Level 5.4 Ranged Weapons
 - Level 1.0 Armour
 - Level 1.5 Dodging
 - Level 1.1 Stealth


You had 3 spell levels left.
You didn't know any spells.
Your spell library was empty.

Inventory:

Hand Weapons
 Y - a +0 shortbow (weapon)
Armour
 f - a +0 ring mail (worn)
 h - a +0 pair of gloves (worn)
Scrolls
 a - a scroll of noise {unknown}
 b - 3 scrolls of identify {unknown}
 e - a scroll of blinking {unknown}
Potions
 c - a potion of cancellation {unknown}
 d - a potion of curing {unknown}

Dungeon Overview and Level Annotations

Branches:
Dungeon (2/15)

Altars:

Shops:
D:1 *

Annotations:
D:2 Sigmund


Message History

You shoot an arrow. The arrow hits the adder.
The adder is heavily wounded.
The adder barely misses you.
You shoot an arrow. The arrow barely misses the adder.
The adder bites you but does no damage. The adder barely misses you.
You shoot an arrow. The arrow closely misses the adder.
The adder bites you but does no damage. x2
You shoot an arrow. The arrow closely misses the adder.
The adder closely misses you.
You shoot an arrow. The arrow hits the adder.
The adder is severely wounded.
The adder closely misses you. The adder bites you.
You shoot an arrow. The arrow closely misses the adder.
The adder bites you but does no damage. The adder closely misses you.
You shoot an arrow. The arrow closely misses the adder.
The adder bites you but does no damage.
You shoot an arrow. The arrow closely misses the adder.
The adder misses you. The adder bites you but does no damage.
You shoot an arrow. The arrow hits the adder.
You kill the adder!
You start resting.
HP restored.
Sigmund the Dreaded comes into view.
He is wielding a +0 scythe.
Sigmund casts a spell at you. The puff of flame hits you.
You shoot an arrow. The arrow barely misses Sigmund.
Sigmund gestures wildly while chanting.
Sigmund flickers and vanishes!
Deactivating autopickup; reactivate with Ctrl-A.
You shoot an arrow. Something hits you.
You shoot an arrow. Something hits you!
You shoot an arrow.
You hear some strange, mumbled words.
A puff of flame appears from out of thin air!
The puff of flame hits you!
You shoot an arrow. Something hits you!
You die...

..#.#.....#.#.....# .#
.#####.#.#####%#.## ..#
#.#.## #.#.## .#.#
##.#.# ##.#.#
..#.#####.#.#####.#.####
...#.#.....#.#.....#.#
.{#.#....^#.#.....#.
#.#.....#.#.....#.#
#@#.....#.#.....#.
####.#.#####.#.###
#.#.## #.#.## ##.#.#
##.#.# .#####.#.##
#.#.## ........## #####
#########


There were no monsters in sight!

Vanquished Creatures
  Terence (D:2)
  3 adders (D:2)
  A worm (D:2)
  A dart slug (D:1)
  An orc (D:2)
  3 bats (D:1)
  5 endoplasms
  2 giant cockroaches
  2 goblins (D:1)
  5 hobgoblins
  3 kobolds
  3 quokkas
  2 ball pythons
  A frilled lizard (D:1)
  7 rats
40 creatures vanquished.

Notes
Turn   | Place    | Note
-------+----------+-------------------------------------------
     0 | D:1      | qw the Gargoyle Hunter began the quest for the Orb.
     0 | D:1      | Reached XP level 1. HP: 12/12 MP: 1/1
     0 | D:1      | 0 ||| qw: Version: 0.3-a-74-g0d5e918
     0 | D:1      | 0 ||| qw: Game counter: 42
     0 | D:1      | 0 ||| qw: Melee chars always use a shield: true
     0 | D:1      | 0 ||| qw: God list: Okawaru
     0 | D:1      | 0 ||| qw: Allow faded altars: false
     0 | D:1      | 0 ||| qw: Do Orc after clearing Dungeon:15 true
     0 | D:1      | 0 ||| qw: Do second Lair branch before Depths: true
     0 | D:1      | 0 ||| qw: Lair rune preference: random
     0 | D:1      | 0 ||| qw: Goals: Normal
     0 | D:1      | 0 ||| PLANNING D:1-11
    87 | D:1      | Reached XP level 2. HP: 17/17 MP: 2/2
    89 | D:1      | Found Toebua's General Store.
    97 | D:1      | 97 ||| SHOPLISTING scroll of identify (26 gold, have 0).
    97 | D:1      | 97 ||| SHOPLISTING scroll of teleportation (39 gold, have
                  | 0).
   346 | D:1      | Found a faded altar of an unknown god.
   348 | D:1      | Reached XP level 3. HP: 21/21 MP: 3/3
   370 | D:1      | 370 ||| UPGRADING to +0 ring mail.
   381 | D:1      | 381 ||| DROPPING +0 leather armour.
   382 | D:1      | 382 ||| UPGRADING to +0 pair of gloves.
   839 | D:1      | 839 ||| READING scroll labelled BAHIXZE UWYAPN.
   840 | D:1      | 840 ||| READING scroll labelled BOCAUPI TADIL.
   841 | D:1      | 841 ||| DRINKING 2 blue potions.
   868 | D:1      | 868 ||| DROPPING scroll of butterflies.
   869 | D:1      | 869 ||| DROPPING potion of lignification.
   954 | D:2      | Noticed Terence
   955 | D:2      | Reached skill level 1 in Armour
   957 | D:2      | 957 ||| Stepping ~*~*~tactically~*~*~ (retreating).
   958 | D:2      | 958 ||| Stepping ~*~*~tactically~*~*~ (retreating).
   959 | D:2      | 959 ||| Stepping ~*~*~tactically~*~*~ (retreating).
   960 | D:2      | 960 ||| Stepping ~*~*~tactically~*~*~ (retreating).
   961 | D:2      | 961 ||| Stepping ~*~*~tactically~*~*~ (retreating).
   962 | D:2      | 962 ||| Stepping ~*~*~tactically~*~*~ (retreating).
   967 | D:2      | Reached skill level 5 in Ranged Weapons
   978 | D:2      | Killed Terence
   979 | D:2      | Reached skill level 3 in Fighting
   979 | D:2      | Reached XP level 4. HP: 11/28 MP: 4/4
  1268 | D:2      | Noticed Sigmund
  1273 | D:2      | Slain by Sigmund

Levels and vault maps discovered:
D:1:      nzn_arrival_settlement, layout_basic, serial_bayou,
          serial_bayou_pond_a, serial_bayou_crossing, serial_bayou_shore_a,
          serial_bayou_pond_c, serial_shops, nicolae_shop_statue_plus,
          ebering_ecumenical_altar_mist
D:2:      layout_basic, nicolae_houndstooth_variations, uniq_terence,
          uniq_jessica, uniq_sigmund

Skill      XL: |  1  2  3 |
---------------+----------+-----
Armour         | 1 |  1.0
Ranged Weapons | 5 |  5.4
Fighting       | 3 |  3.1
Dodging        | |  1.5
Stealth        | |  1.1

Action                     |  1- 3 |  4- 6 || total
---------------------------+-------+-------++-------
   Fire: Shortbow          |    77 |    46 ||   123
    Use: Scroll            |     2 |       ||     2
         Potion            |     1 |       ||     1
 Armour: Leather armour    |     3 |       ||     3
         Ring mail         |    12 |    11 ||    23
  Dodge: Dodged            |    25 |    11 ||    36

Table legend:
 A = Non-vault XP
 B = Vault XP
 C = Vault XP percentage of total XP
 D = Non-vault monster count
 E = Vault monster count
 F = Vault count percentage of total count
                 A         B        C        D         E       F
            +---------+---------+-------+---------+---------+-------
      Total |     107 |      36 |  25.2 |      39 |       1 |   2.5
            +---------+---------+-------+---------+---------+-------
        D:1 |      41 |       0 |   0.0 |      23 |       0 |   0.0
        D:2 |      66 |      36 |  35.3 |      16 |       1 |   5.9
            +---------+---------+-------+---------+---------+-------
